 Dungeon Crawl Stone Soup version 0.30-a0-737-gf23d94013f (webtiles) character file.

Game seed: 13731479384706434765

460 Zenkrye the Changer (level 6, -9/49 HPs)
             Began as a Demigod Transmuter on Feb 2, 2023.
             Killed from afar by a gnoll (11 damage)
             ... with a puff of flame
             ... led by a gnoll bouda
             ... on level 5 of the Dungeon.
             The game lasted 00:09:52 (3096 turns).

Zenkrye the Changer (Demigod Transmuter)            Turns: 3096, Time: 00:09:52

Health: -9/49      AC:  2    Str: 11    XL:     6   Next: 49%
Magic:  8/11       EV: 20    Int: 23    God:
Gold:   167        SH:  0    Dex: 19    Spells: 1/9 levels left

rFire   . . .      SeeInvis .      - Unarmed
rCold   . . .      Faith    .    (shield currently unavailable)
rNeg    . . .      Spirit   .    (body armour currently unavailable)
rPois   x          Reflect  .    (helmet currently unavailable)
rElec   .          Harm     .    (cloak currently unavailable)
rCorr   .          Rampage  .    (gloves currently unavailable)
Will    .....                    (boots currently unavailable)
Stlth   ++                       (no amulet)
HPRegen 0.28/turn                (no ring)
MPRegen 0.12/turn                (no ring)

@: spider-form
A: venomous fangs, tiny, high MP 1, forlorn, divine attributes
a: End Transformation


You were on level 5 of the Dungeon.
You were a venomous arachnid creature.
You visited 1 branch of the dungeon, and saw 5 of its levels.

You collected 167 gold pieces.

Inventory:

Hand Weapons
 c - a +0 sling (melded)
Armour
 a - a +1 robe (melded)
Jewellery
 f - a ring of fire
Wands
 k - a wand of iceblast (8) {@v4}
Scrolls
 i - a scroll of identify {@r1}
Potions
 b - 2 potions of lignification
 d - 4 potions of curing {@q1}
 e - 2 potions of might {@q4}
 g - a potion of brilliance
 h - a potion of flight
 j - a potion of berserk rage


   Skills:
 + Level 2.3 Fighting
 + Level 2.8 Dodging
 - Level 3.9 Unarmed Combat
 - Level 2.0 Spellcasting
 + Level 4.1 Transmutations
 + Level 1.0 Ice Magic
 - Level 2.0 Poison Magic


You had one spell level left.
You knew the following spells:

 Your Spells              Type           Power      Damage    Failure   Level
a - Beastly Appendage     Tmut           42%        N/A       9%          1
b - Spider Form           Tmut/Pois      16%        N/A       26%         3
c - Ice Form              Ice/Tmut       14%        N/A       63%         4

Your spell library contained the following spells:

 Spells                   Type           Power      Damage    Failure   Level
 Apportation              Tloc           4%         N/A       30%         1
 Necrotise                Necr           8%         1d4       30%         1
 Summon Small Mammal      Summ           8%         N/A       30%         1
 Wereblood                Tmut           21%        N/A       12%         2
 Blink                    Tloc           4%         N/A       38%         2
 Lesser Beckoning         Tloc           4%         N/A       38%         2
 Momentum Strike          Conj/Tloc      4%         3d8       38%         2


Dungeon Overview and Level Annotations

Branches:
Dungeon (5/15)             Temple (0/1) D:5

Annotations:
D:2 Sigmund
D:3 4 transporters, Zenkrye's ghost, amateur KoHs


Innate Abilities, Weirdness & Mutations

You are a venomous arachnid creature.
You have venomous fangs.
You are tiny and dextrous.
Your spellcasting is less reliable in this form.
Your armour is entirely melded.
You are incapable of wielding weapons or throwing items.
You have an increased reservoir of magic. (+10% MP)
You shall have no god before yourself.
Your divine heritage dramatically boosts your attributes as you level up.


Message History

The gnoll shouts! x2
The sling bullet hits the gnoll but does no damage.
You shoot a sling bullet.
The sling bullet hits the gnoll but does no damage.
The gnoll zaps a wand.
The puff of flame hits you!
You shoot a sling bullet. The sling bullet hits the gnoll!
The gnoll is heavily wounded.
You shoot a sling bullet.
The sling bullet barely misses the gnoll.
A gnoll bouda comes into view. It is wielding a +0 whip.
The gnoll throws a stone.
The stone hits you.
The gnoll zaps a wand.
The puff of flame hits you!
You shoot a sling bullet. The gnoll bouda shouts!
The sling bullet hits the gnoll.
The gnoll is almost dead.
The gnoll zaps a wand.
The puff of flame hits you.
The gnoll bouda calls upon its god to heal the gnoll.
The gnoll is healed somewhat.
Casting: Spider Form (dangerous; 11% risk of failure)
Confirm with . or Enter, or press ? or * to list all spells.
You turn into a venomous arachnid creature.
Your +0 sling melds into your body.
Your +1 robe melds into your body.
The gnoll completely misses you.
You hit the gnoll.
The gnoll is poisoned.
The gnoll is severely wounded.
The gnoll barely misses you. The gnoll hits you with a +0 club.
You are too injured to fight recklessly!
You are too injured to fight recklessly!
You are too injured to fight recklessly!
You are too injured to fight recklessly!
You hit the gnoll.
You kill the gnoll!
The gnoll hits you from afar with a +0 halberd!
* * * LOW HITPOINT WARNING * * *
Your Ice Magic skill increases to level 1!
The gnoll zaps a wand.
The puff of flame hits you!
* * * LOW HITPOINT WARNING * * *
The gnoll zaps a wand.
The puff of flame hits you!
You die...

. ##........###
.... #
##.......## .....
# ###....##..#
....# #
#####....####...#
#...# #
##.......# #gg#
...# # l...###..#
#)##...# ## .####
##.## #.....# ..
## #..# ##....# #
#..# ###s...# #
##.####......#
#...........# #
##...######.....#
## ###..###
#.####
.#####....# .#
..........# .#
#.........#
##........#


You could see a gnoll bouda and a gnoll.

Vanquished Creatures
  An ogre (D:5)
  A bullfrog (D:5)
  2 scorpions (D:4)
  2 hounds
  A gnoll bouda (D:4)
  An iguana (D:5)
  A gnoll (D:5)
  2 adders
  2 shadow imps (D:5)
  A dart slug (D:1)
  2 worms
  An orc (D:3)
  3 ball pythons
  4 endoplasms
  3 giant cockroaches
  3 goblins
  5 hobgoblins
  4 quokkas
  4 bats (D:1)
  A frilled lizard (D:1)
  5 kobolds
  A rat (D:1)
50 creatures vanquished.

Notes
Turn   | Place    | Note
-------+----------+-------------------------------------------
     0 | D:1      | Zenkrye the Demigod Transmuter began the quest for the Orb.
     0 | D:1      | Reached XP level 1. HP: 15/15 MP: 5/5
   192 | D:1      | Reached XP level 2. HP: 20/22 MP: 5/7
  1211 | D:2      | Reached XP level 3. HP: 25/27 MP: 6/8
  1215 | D:2      | Learned a level 3 spell: Spider Form
  1245 | D:2      | Noticed Sigmund
  1382 | D:3      | Found a transporter.
  1388 | D:3      | Found a transporter.
  1428 | D:3      | Found a transporter.
  1547 | D:3      | Found a transporter.
  1550 | D:3      | Noticed Zenkrye's ghost (amateur KoHs)
  1624 | D:3      | Reached skill level 2 in Transmutations
  2088 | D:4      | Reached skill level 1 in Poison Magic
  2106 | D:4      | Reached XP level 4. HP: 34/34 MP: 9/9
  2203 | D:4      | Reached skill level 3 in Transmutations
  2432 | D:5      | Entered Level 5 of the Dungeon
  2480 | D:5      | Reached XP level 5. HP: 20/39 MP: 8/10
  2554 | D:5      | Noticed an ogre
  2605 | D:5      | Found a staircase to the Ecumenical Temple.
  2620 | D:4      | Reached skill level 1 in Fighting
  2802 | D:5      | Reached XP level 6. HP: 48/48 MP: 7/11
  2807 | D:5      | Learned a level 4 spell: Ice Form
  3039 | D:5      | Reached skill level 4 in Transmutations
  3095 | D:5      | Reached skill level 1 in Ice Magic
  3095 | D:5      | HP: 2/49 [gnoll/puff of flame[a gnoll bouda] (12)]
  3096 | D:5      | Killed from afar by a gnoll

Illustrated notes

Levels and vault maps discovered:
D:1:      ncdulo_smallfort, layout_basic, corexii_leaking_fountain
D:2:      layout_basic, hellmonk_ecumenical_altar_leap_of_faith, minmay_cut_off,
          uniq_sigmund
D:3:      gammafunk_steamed_eel, layout_loops_ring, gammafunk_ghost_mausoleum,
          amcnicky_mini_corridor_feature, dk_noncrumbling_2
D:4:      layout_basic, kennysheep_generic_room_12
D:5:      layout_layer_cave, zin_purify, minmay_temple_entry_grid,
          gup_sewer_entry_bubbles, amcnicky_mini_rare_corridor_liquid

Skill      XL: |  1  2  3  4  5  6 |
---------------+-------------------+-----
Unarmed Combat | 3 |  3.9
Transmutations | 2 3 4 |  4.1
Poison Magic   | 1 2 |  2.0
Fighting       | 1 2 |  2.3
Dodging        | 2 |  2.8
Spellcasting   | 2 |  2.0
Ice Magic      | 1 |  1.0

Action                     |  1- 3 |  4- 6 || total
---------------------------+-------+-------++-------
  Melee: Unarmed           |    84 |    38 ||   122
         Kick              |     8 |       ||     8
         Headbutt          |     3 |       ||     3
   Fire: Sling             |       |    50 ||    50
  Throw: Boomerang         |    24 |       ||    24
   Cast: Beastly Appendage |     9 |       ||     9
         Spider Form       |       |     9 ||     9
    Use: Scroll            |     3 |     7 ||    10
   Stab: Sleeping          |     1 |       ||     1
 Armour: Robe              |    20 |       ||    20
         Skin              |       |     3 ||     3
  Dodge: Dodged            |    51 |    38 ||    89

Table legend: (Time is in decaauts)
 A = Elapsed time spent in this place.
 B = Non-inter-level travel time spent in this place.
 C = Inter-level travel time spent in this place.
 D = Time resting spent in this place.
 E = Time spent auto-exploring this place.
 F = Levels seen in this place.
 G = Mean time per level.
                   A        B        C        D        E       F      G
               +--------+--------+--------+--------+--------+-----+--------+
         Total |   3114 |   2947 |    167 |     96 |   2340 |   5 |  622.8 |
       Dungeon |   3114 |   2947 |    167 |     96 |   2340 |   5 |  622.8 |
               +--------+--------+--------+--------+--------+-----+--------+

Top non-repeatable levels by time:
     D:1: 952 daAuts
     D:4: 727 daAuts
     D:3: 646 daAuts
     D:5: 492 daAuts
     D:2: 294 daAuts
